 Dungeon Crawl Stone Soup version 0.31-a0-188-g5e087ee2ca (webtiles) character file.

Game seed: 3261182787181122381

14 qw the Shooter (level 2, 0/16 HPs)
             Began as a Deep Elf Hunter on June 23, 2023.
             Slain by a hobgoblin (3 damage)
             ... on level 1 of the Dungeon.
             The game lasted 00:00:07 (118 turns).

qw the Shooter (Deep Elf Hunter)                     Turns: 118, Time: 00:00:07

Health: 0/16       AC:  3    Str:  8    XL:     2   Next: 31%
Magic:  4/4        EV: 12    Int: 13    God:
Gold:   19         SH:  0    Dex: 18    Spells: 1/1 levels left

rFire   . . .        a - +0 shortbow
rCold   . . .        (shield currently unavailable)
rNeg    . . .        c - +0 leather armour
rPois   .            (no helmet)
rElec   .            (no cloak)
rCorr   .            (no gloves)
SInv    .            (no boots)
Will    .....        (no amulet)
Stlth   ++           (no ring)
HPRegen 0.22/turn    (no ring)
MPRegen 0.09/turn

%: no passive effects
@: no status effects
A: no striking features
a: no special abilities


You were on level 1 of the Dungeon.
You visited 1 branch of the dungeon, and saw 1 of its levels.

You collected 19 gold pieces.


   Skills:
 - Level 1.5 Fighting
 + Level 6.1 Ranged Weapons
 - Level 2.4 Dodging
 - Level 1.2 Stealth


You had one spell level left.
You didn't know any spells.
Your spell library was empty.

Inventory:

Hand Weapons
 a - a +0 shortbow (weapon)
Armour
 c - a +0 leather armour (worn)
Scrolls
 b - a scroll of butterflies
 d - a scroll of revelation {unknown}
 e - a scroll of summoning {unknown}
 f - a scroll of noise {unknown}

Dungeon Overview and Level Annotations

Branches:
Dungeon (1/15)

Altars:


Message History

The arrow hits the ball python.
The ball python is moderately wounded.
You shoot an arrow. The arrow closely misses the jackal.
The arrow hits the ball python.
You kill the ball python!
You shoot an arrow. The arrow hits the jackal.
The jackal is heavily wounded.
The jackal bites you but does no damage.
The jackal bites you. x2; The jackal barely misses you.
You shoot an arrow. The arrow hits the jackal.
You kill the jackal!
The jackal bites you. The jackal closely misses you.
You shoot an arrow. The arrow closely misses the jackal.
The jackal barks!
The jackal bites you. The jackal barely misses you. The hobgoblin hits you.
The jackal closely misses you. The jackal barely misses you.
You shoot an arrow.
The arrow hits the jackal but does no damage.
The jackal is moderately wounded.
The jackal bites you. x2; The hobgoblin hits you.
The jackal closely misses you.
You shoot an arrow. The arrow hits the jackal.
You kill the jackal!
The hobgoblin closely misses you.
The jackal bites you but does no damage.
You shoot an arrow. The arrow closely misses the hobgoblin.
The arrow hits the jackal.
The jackal is moderately wounded.
The jackal bites you. The hobgoblin closely misses you.
The jackal barely misses you.
You shoot an arrow.
The arrow hits the hobgoblin but does no damage.
The hobgoblin hits you but does no damage.
The jackal closely misses you. The jackal misses you.
The hobgoblin closely misses you.
You shoot an arrow. The arrow hits the jackal!
You kill the jackal!
The jackal barely misses you. The hobgoblin completely misses you.
You shoot an arrow. The arrow closely misses the hobgoblin.
The jackal bites you. The hobgoblin hits you.
You die...

.... .. .. .... #.# ...
..... ..##... ## .....
$...... .# ...... .....
.# ......##... .#
...#.gh%# .# ####.(#@# .#
.. ........# # ###..
.........# .# ###.#
..........# .#
..#.###...)......##.# .#
..#..............#..##.#
..#..............#^^...#
#.#..#...#....###.._.####
.....###.....##.........#


You could see a jackal and a hobgoblin.

Vanquished Creatures
  A bat (D:1)
  A giant cockroach (D:1)
  A goblin (D:1)
  5 jackals (D:1)
  A kobold (D:1)
  A quokka (D:1)
  A ball python (D:1)
11 creatures vanquished.

Notes
Turn   | Place    | Note
-------+----------+-------------------------------------------
     0 | D:1      | qw the Deep Elf Hunter began the quest for the Orb.
     0 | D:1      | Reached XP level 1. HP: 12/12 MP: 3/3
     0 | D:1      | 0 ||| qw: Version: 0.3-a-9-g12657ce
     0 | D:1      | 0 ||| qw: Game counter: 3257
     0 | D:1      | 0 ||| qw: Always use a shield: true
     0 | D:1      | 0 ||| qw: God list: Okawaru
     0 | D:1      | 0 ||| qw: Allow faded altars: false
     0 | D:1      | 0 ||| qw: Do Orc after D:15 true
     0 | D:1      | 0 ||| qw: Do second Lair branch before Depths: true
     0 | D:1      | 0 ||| qw: Lair rune preference: random
     0 | D:1      | 0 ||| qw: Plans: Normal
     0 | D:1      | 0 ||| PLANNING D:1-11
    76 | D:1      | Found a faded altar of an unknown god.
   101 | D:1      | Reached XP level 2. HP: 16/16 MP: 4/4
   105 | D:1      | Reached skill level 6 in Ranged Weapons
   113 | D:1      | HP: 4/16 [hobgoblin (3)]
   118 | D:1      | HP: 3/16 [jackal (1)]
   118 | D:1      | Slain by a hobgoblin

Levels and vault maps discovered:
D:1:      dpeg_arrival_rooms_c, layout_rooms, ebering_ecumenical_altar_webs,
          st_stairs_12

Skill      XL: |  1  2 |
---------------+-------+-----
Ranged Weapons | 6 |  6.1
Fighting       | |  1.5
Dodging        | |  2.4
Stealth        | |  1.2

Action                     || total
---------------------------++-------
   Fire: Shortbow          ||    40
 Armour: Leather armour    ||     3
  Dodge: Dodged            ||    22

Table legend:
 A = Non-vault XP
 B = Vault XP
 C = Vault XP percentage of total XP
 D = Non-vault monster count
 E = Vault monster count
 F = Vault count percentage of total count
                 A         B        C        D         E       F
            +---------+---------+-------+---------+---------+-------
      Total |      21 |       0 |   0.0 |      11 |       0 |   0.0
            +---------+---------+-------+---------+---------+-------
        D:1 |      21 |       0 |   0.0 |      11 |       0 |   0.0
            +---------+---------+-------+---------+---------+-------
